 Dungeon Crawl Stone Soup version 0.31.0-9-g3a7656b989 (webtiles) character file.

Game seed: 7982241716196141051

41773 Axelsxxd the Acrobat (level 13, -10/114 HPs)
             Began as a Spriggan Berserker on Feb 2, 2024.
             Was an Elder of Trog.
             Mangled by a catoblepas (11 damage)
             ... while petrified by a catoblepas
             ... on level 5 of the Lair of Beasts on Feb 3, 2024.
             The game lasted 00:35:21 (21942 turns).

Axelsxxd the Acrobat (Spriggan Berserker)          Turns: 21942, Time: 00:35:22

Health: -10/114    AC:  8    Str: 14    XL:     13   Next: 81%
Magic:  14/14      EV:  4    Int:  9    God:    Trog [****..]
Gold:   880        SH:  0    Dex: 17    Spells: 12/12 levels left

rFire   + . .        k - +2 dagger (speed)
rCold   . . .        (no shield)
rNeg    + + +        E - +0 steam dragon scales
rPois   ∞            (helmet restricted)
rElec   .            l - +2 ratskin cloak {*Rats rPois rN+ Str-1 Int-1 Dex+1}
rCorr   +            (gloves unavailable)
SInv    +            (boots unavailable)
Will    ++...        h - amulet of reflection
Stlth   x              - ring of resist corrosion
HPRegen 0.39/turn    L - ring of protection from fire
MPRegen 0.14/turn

%: reflection
@: berserking, petrified, very quick
A: very small, no large weapons, unfitting armour, see invisible, speed 3
a: Renounce Religion, Berserk, Trog's Hand, Brothers in Arms


You were on level 5 of the Lair of Beasts.
You worshipped Trog.
Trog was greatly pleased with you.
You visited 2 branches of the dungeon, and saw 14 of its levels.
You also visited: Sewer.

You collected 880 gold pieces.

Inventory:

Hand Weapons
 k - a +2 dagger of speed (weapon)
Armour
 l - the +2 ratskin cloak (worn) {*Rats rPois rN+ Str-1 Int-1 Dex+1}
   (You found it on level 3 of the Dungeon)

   *Rats:     When the wearer is hurt, rats may emerge from it to assist them.
   Str-1:     It affects your strength (-1).
   Int-1:     It affects your intelligence (-1).
   Dex+1:     It affects your dexterity (+1).
   rPois:     It protects you from poison rN+: It protects you from negative
   energy.
 E - +0 steam dragon scales (worn)
Jewellery
 e - a ring of flight
 h - an amulet of reflection (around neck)
 x - a ring of resist corrosion (left hand)
 y - an amulet of regeneration
 z - an amulet of guardian spirit
 H - a ring of ice
 L - a ring of protection from fire (right hand)
Wands
 m - a wand of flame (2)
 n - a wand of mindburst (13)
 s - a wand of roots (3)
 C - a wand of paralysis (6)
 J - a wand of acid (3)
 M - a wand of digging (8)
Scrolls
 d - a scroll of torment
 f - 2 scrolls of vulnerability
 i - 4 scrolls of immolation
 j - 5 scrolls of teleportation
 q - a scroll of enchant armour
 r - a scroll of silence
 t - a scroll of enchant weapon {unknown}
 v - 4 scrolls of fog
 w - a scroll of brand weapon
 A - 2 scrolls of poison
 B - 2 scrolls of noise
 F - 2 scrolls of amnesia
 K - a scroll of revelation
 N - a scroll of blinking {unknown}
Potions
 a - 3 potions of berserk rage
 b - 3 potions of curing
 c - 2 potions of brilliance
 g - 3 potions of mutation
 o - a potion of invisibility
 p - a potion of cancellation
 u - 3 potions of attraction
 D - 2 potions of magic
 G - 2 potions of might
 I - a potion of haste {unknown}
 O - a potion of degeneration {unknown}


   Skills:
 + Level 12.3 Fighting
 - Level 10.0 Short Blades
 - Level 22.0 Dodging
 + Level 13.7 Stealth
 - Level 5.0 Evocations


You had 12 spell levels left.
You didn't know any spells.
Your spell library was empty.

Dungeon Overview and Level Annotations

Branches:
Dungeon (9/15)             Temple (0/1) D:5            Lair (5/5) D:8
  Swamp (0/4) Lair:3        Snake (0/4) Lair:3        Slime (0/5) Lair:5
    Orc (0/2) D:9           Sewer (visited)

Altars:
Cheibriados
Fedhas
Hepliaklqana
Kikubaaqudgha
Nemelex Xobeh
Ru
Zin
The Shining One

Annotations:
D:5 1 runed translucent door, temujin's ghost, amateur DjCj


Innate Abilities, Weirdness & Mutations

You are very small and have problems with some larger weapons.
You are too small for most types of armour.
You have supernaturally acute eyesight. (SInv)
You cover ground extremely quickly. (Speed+++)


Message History

Your hell rat bites the catoblepas!
Your river rat bites the catoblepas but does no damage.
Your hell rat bites the catoblepas!
The catoblepas barely misses your hell rat.
Your river rat bites the catoblepas but does no damage.
Your hell rat bites the catoblepas!
The catoblepas gores your river rat!!
Your river rat dies!
The catoblepas bellows!
Your hell rat bites the catoblepas but does no damage.
The catoblepas gores your hell rat!!
Your hell rat dies!
The catoblepas bellows!
The catoblepas gores you. The catoblepas gores you!
* * * LOW HITPOINT WARNING * * *
You turn to flesh and can move again.
Unknown command.
A red film seems to cover your vision as you go berserk!
You feel yourself moving faster!
You feel mighty!
The catoblepas breathes a plume of calcifying dust at you.
The blast of calcifying dust hits you.
* * * LOW HITPOINT WARNING * * *
You hit the catoblepas.
The catoblepas is almost dead.
You are engulfed in calcifying dust.
You are slowing down.
Unknown command.
You hit the catoblepas but do no damage.
The catoblepas is almost dead.
You are engulfed in calcifying dust.
You hit the catoblepas but do no damage.
The catoblepas is almost dead.
You are engulfed in calcifying dust.
Your limbs have turned to stone.
You have turned to stone.
You are engulfed in calcifying dust.
The catoblepas gores you!!
* * * LOW HITPOINT WARNING * * *
You are engulfed in calcifying dust.
The catoblepas gores you!
* * * LOW HITPOINT WARNING * * *
You are engulfed in calcifying dust.
The catoblepas gores you!!
You die...

###.P##..P§P.....÷.P##
#.......#######......#
##....###.....###.†...
#...........÷ ###.P.
##........#.. ###.
#.#..÷..## ##
#.##.YY## # #.†##....#
# #.Y@#....#
#...##.8...
#.♣..#...8.÷ #
##...###.... #
#.....##### ##
##........########.
##P..÷.......##†.P
###..............
###..P....####.P


You could see a catoblepas (drained).

Vanquished Creatures
  2 hydras
  2 boulder beetles
  A two-headed ogre (D:9)
  Erica (Lair:2)
  6 death yaks
  2 skysharks
  3 black mambas
  A salamander (Lair:3)
  7 elephants
  3 torpor snails
  6 cane toads
  4 rime drakes
  9 komodo dragons
  4 polar bears
  2 hornets
  7 dream sheep
  57 yaks
  8 wyverns
  3 basilisks
  A steam dragon (D:8)
  3 swamp worms (Lair:3)
  2 nagas (Lair:3)
  13 water moccasins
  A black bear (Lair:5)
  11 ice beasts
  2 sky beasts
  2 orc warriors
  An ogre (D:5)
  24 wolves
  5 centaurs
  A phantom (D:6)
  3 kobold brigands
  10 bullfrogs
  A scorpion (Lair:1)
  A burial acolyte (D:9)
  7 wights
  9 killer bees
  3 howler monkeys
  5 electric eels (D:9)
  A jelly (D:6)
  5 hounds
  5 orc priests
  Crazy Yiuf (D:4)
  A gnoll bouda (D:9)
  3 iguanas
  Ijyb (D:3)
  2 orc wizards
  6 hell rats (Lair:4)
  Robin (D:3)
  7 gnolls
  19 adders
  A shadow imp (D:5)
  A white imp (D:6)
  2 adder zombies (D:9)
  12 dart slugs
  3 ribbon worms
  13 orcs
  4 bats
  7 endoplasms
  7 giant cockroaches
  8 hobgoblins
  9 jackals
  16 kobolds
  5 quokkas
  15 ball pythons
  10 frilled lizards
  9 goblins
  A jackal zombie (D:9)
  6 rats
414 creatures vanquished.

Vanquished Creatures (collateral kills)
  2 black mambas
  A cane toad (Lair:2)
  An elephant (Lair:5)
  A rime drake (Lair:2)
  2 komodo dragons (Lair:4)
  2 dream sheep
  2 yaks
  3 ice beasts (D:9)
  A wight (D:7)
  A killer bee (D:4)
  2 gnolls (D:6)
  An orc (D:3)
  A hobgoblin (D:3)
  A jackal (D:4)
  A kobold (D:9)
22 creatures vanquished.

Grand Total: 436 creatures vanquished

Notes
Turn   | Place    | Note
-------+----------+-------------------------------------------
     0 | D:1      | Axelsxxd the Spriggan Berserker began the quest for the
                  | Orb.
     0 | D:1      | Reached XP level 1. HP: 11/11 MP: 2/2
   248 | D:1      | Reached skill level 1 in Stealth
   319 | D:1      | Reached XP level 2. HP: 16/16 MP: 3/3
  1229 | D:2      | Reached XP level 3. HP: 19/19 MP: 4/4
  1575 | D:2      | Reached XP level 4. HP: 22/24 MP: 5/5
  1973 | D:3      | Found the +2 ratskin cloak {*Rats rPois rN+ Str-1 Int-1
                  | Dex+1}
  2046 | D:3      | Noticed Ijyb
  2055 | D:3      | Killed Ijyb
  2112 | D:3      | Reached ** piety under Trog
  2118 | D:3      | Reached XP level 5. HP: 29/29 MP: 6/6
  2237 | D:3      | Noticed Robin
  2401 | D:3      | Killed Robin
  2641 | D:3      | Identified a scroll of acquirement
  2642 | D:3      | Acquired a manual of Dodging
  2961 | D:4      | Found a runed translucent door.
  2962 | D:4      | Noticed Crazy Yiuf
  2972 | D:4      | Killed Crazy Yiuf
  2973 | D:4      | Reached XP level 6. HP: 34/34 MP: 7/7
  3083 | D:4      | Reached skill level 5 in Dodging
  3115 | D:4      | Reached skill level 5 in Fighting
  3115 | D:4      | Reached skill level 6 in Dodging
  3345 | D:4      | Reached skill level 5 in Short Blades
  3393 | D:4      | Reached *** piety under Trog
  3498 | D:4      | Found a glowing silver altar of Zin.
  3537 | D:4      | Found a snail-covered altar of Cheibriados.
  3596 | D:5      | Entered Level 5 of the Dungeon
  3601 | D:5      | Found a hazy altar of Hepliaklqana.
  3619 | D:5      | Reached XP level 7. HP: 39/39 MP: 8/8
  3679 | D:5      | Found a glowing drain.
  3705 | D:5      | Reached skill level 7 in Dodging
  3743 | Sewer    | Entered a sewer
  4330 | D:5      | Reached skill level 8 in Dodging
  4330 | D:5      | Reached skill level 1 in Evocations
  4414 | D:5      | Found a staircase to the Ecumenical Temple.
  4519 | D:5      | Reached XP level 8. HP: 44/44 MP: 9/9
  4616 | D:5      | Found a runed translucent door.
  4616 | D:5      | Noticed temujin's ghost (amateur DjCj)
  4616 | D:5      | Noticed an unseen horror
  4757 | D:5      | Found a glowing golden altar of the Shining One.
  4955 | D:6      | Reached skill level 9 in Dodging
  5206 | D:6      | Found a sparkling altar of Nemelex Xobeh.
  5557 | D:6      | Reached skill level 10 in Dodging
  6102 | D:7      | Reached skill level 5 in Evocations
  6206 | D:7      | Reached XP level 9. HP: 49/49 MP: 10/10
  6208 | D:7      | Reached skill level 11 in Dodging
  7070 | D:8      | Noticed a death yak
  7075 | D:8      | Noticed a death yak
  7077 | D:8      | Noticed a death yak
  7102 | D:7      | Killed a death yak
  7103 | D:7      | Reached skill level 12 in Dodging
  7279 | D:7      | Killed a death yak
  7280 | D:7      | Reached skill level 13 in Dodging
  7376 | D:7      | Reached XP level 10. HP: 46/56 MP: 11/11
  7415 | D:7      | Reached skill level 14 in Dodging
  7800 | D:7      | Killed a death yak
  7915 | D:8      | Found a staircase to the Lair.
  8012 | D:8      | Reached skill level 15 in Dodging
  8639 | D:8      | Reached skill level 10 in Short Blades
  9232 | D:8      | Reached skill level 16 in Dodging
  9628 | D:9      | Found a staircase to the Orcish Mines.
  9680 | D:9      | Reached **** piety under Trog
  9781 | D:9      | Reached XP level 11. HP: 36/62 MP: 12/12
  9802 | D:9      | Reached skill level 17 in Dodging
  9802 | D:9      | Noticed a two-headed ogre
  9810 | D:9      | Killed a two-headed ogre
 10282 | D:9      | Found an ancient bone altar of Kikubaaqudgha.
 10304 | D:9      | Found a sacrificial altar of Ru.
 10311 | D:9      | Found a blossoming altar of Fedhas.
 11043 | Lair:1   | Entered Level 1 of the Lair of Beasts
 11312 | Lair:1   | Reached skill level 10 in Fighting
 11334 | Lair:1   | Noticed a skyshark
 11398 | Lair:1   | Reached skill level 18 in Dodging
 11754 | Lair:1   | Reached skill level 19 in Dodging
 12288 | Lair:1   | Killed a skyshark
 12588 | Lair:2   | Noticed Erica
 12602 | Lair:2   | Killed Erica
 12603 | Lair:2   | Reached skill level 20 in Dodging
 12603 | Lair:2   | Reached XP level 12. HP: 67/67 MP: 13/13
 13095 | Lair:2   | Reached skill level 21 in Dodging
 14196 | Lair:3   | Reached skill level 22 in Dodging
 14838 | Lair:3   | Reached skill level 5 in Stealth
 14970 | Lair:3   | Found a staircase to the Snake Pit.
 15238 | Lair:3   | Noticed an eight-headed hydra
 15868 | Lair:3   | Killed an eight-headed hydra
 16205 | Lair:3   | Found a staircase to the Swamp.
 17125 | Lair:4   | Reached XP level 13. HP: 64/73 MP: 14/14
 18474 | Lair:5   | Entered Level 5 of the Lair of Beasts
 18479 | Lair:5   | Reached skill level 10 in Stealth
 18516 | Lair:4   | HP: 1/74 [dream sheep (24)]
 20632 | Lair:5   | Found a staircase to the Slime Pits.
 21940 | Lair:5   | HP: 3/114 [catoblepas (11)]
 21941 | Lair:5   | HP: 1/114 [catoblepas (3)]
 21942 | Lair:5   | Mangled by a catoblepas

Illustrated notes

Levels and vault maps discovered:
D:1:      nicolae_arrival_memento_mori, layout_basic
D:2:      layout_basic
D:3:      layout_basic, guppyfry_early_lair_pool, uniq_ijyb, uniq_robin
D:4:      layout_loops_ring, mainiacjoe_overflow_two_lobes,
          uniq_crazy_yiuf_cottage
D:5:      layout_basic, mainiacjoe_overflow_concentric_impassable,
          nicolae_tso_swordbearing_angel, minmay_temple_entry_slanted,
          portal_sewer_entry_c, ebering_ghost_inner_flame
D:6:      layout_basic, nemelex_diamond_rough_becter
D:7:      layout_basic
D:8:      layout_gridville, dpeg_lair_monsters
D:9:      minmay_twisted_water, layout_basic, lemuel_zombie_altar_kikubaaqudgha,
          fedhas_altar_1, nicolae_ru_awakened_eye, st_stairs_12
Lair:1:   layout_regular_city
Lair:2:   layout_loops_ring, uniq_erica
Lair:3:   layout_regular_city, palyth_hydra_swamp_entry,
          alex1729_snake_entry_snake, nicolae_volcano_entry_hallway,
          lemuel_fruit_tree
Lair:4:   layout_hall_layers
Lair:5:   grunt_lair_end_beastmaster, layout_regular_city, slime_entry_1

Skill      XL: |  1  2  3  4  5  6  7  8  9 10 11 12 13 |
---------------+----------------------------------------+-----
Stealth        | 1 2 3 8 13 | 13.7
Fighting       | 3 4 5 6 7 9 10 12 | 12.3
Short Blades   | 4 5 6 7 9 10 | 10.0
Dodging        | 6 8 10 13 16 20 22 | 22.0
Evocations     | 2 5 |  5.0

Action                     |  1- 3 |  4- 6 |  7- 9 | 10-12 | 13-15 || total
---------------------------+-------+-------+-------+-------+-------++-------
  Melee: Short sword       |   110 |     3 |       |       |       ||   113
         Dagger            |       |   249 |   498 |  2143 |  1030 ||  3920
         Punch             |       |     1 |     9 |    43 |    27 ||    80
 Invoke: Berserk           |     5 |     8 |    19 |    36 |    15 ||    83
         Trog's Hand       |       |       |       |     1 |       ||     1
  Evoke: Wand              |       |     3 |       |     9 |    16 ||    28
    Use: Potion            |     1 |       |       |     1 |     3 ||     5
         Scroll            |       |     9 |     9 |     6 |     1 ||    25
   Stab: Sleeping          |     4 |     4 |     3 |     9 |     6 ||    26
         Distracted        |       |       |       |     5 |     2 ||     7
         Petrified         |       |       |       |       |     3 ||     3
         Petrifying        |       |       |       |       |     1 ||     1
 Armour: Animal skin       |    21 |    37 |    65 |       |       ||   123
         Robe              |       |       |     4 |    23 |       ||    27
         Steam dragon scal |       |       |       |   146 |   109 ||   255
  Dodge: Dodged            |    74 |    77 |   243 |   799 |   467 ||  1660
  Block: Other             |       |    38 |    62 |   154 |    88 ||   342
         Reflection        |       |       |     6 |     2 |       ||     8
